Map: [AXIOM] Odyssey LE

Players

Daeden - Winner!

  • Race: Protoss Protoss
  • League: Diamond
  • Spawn Location: 11:00

Defrost

  • Race: Zerg Zerg
  • Spawn Location: 5:00

VOD

Have the link to the VOD?

Description

Bug in Axiom mod map

Time

  • Played on: Dec. 9, 2017, 12:13 p.m.
  • Length: 10:25
Show
View Real Time Build Order
Export as new Build Order

Daeden Protoss - Winner!

Build Orders: Nexus First 

Get SALT Encoding   

  6  0:00  Probe, Unknown  
  9  0:12  Probe  
  10  0:24  Probe (Chrono Boost)  
  12  0:36  Probe (Chrono Boost)  
  13  0:44  Probe (Chrono Boost)  
  13  0:45  Pylon  
  13  0:50  Probe  
  13  0:53  Nexus  
  14  1:02  Probe  
  15  1:07  Nexus  
  15  1:13  Assimilator  
  15  1:14  Probe  
  15  1:15  Assimilator  
  16  1:26  Probe  
  17  1:34  Gateway  
  17  1:35  Gateway  
  17  1:38  Probe  
  18  1:44  Forge  
  18  1:51  Probe  
  19  2:01  Pylon  
  19  2:03  Probe  
  19  2:06  Unknown  
  19  2:07  Unknown x2  
  20  2:09  Probe x4  
  20  2:10  Pylon  
  20  2:15  Probe  
  21  2:21  Unknown  
  25  2:25  Probe  
  25  2:27  Probe  
  27  2:34  Assimilator  
  27  2:36  Assimilator  
  27  2:37  Probe  
  28  2:39  Probe  
  28  2:42  Probe x4  
  29  2:49  Probe  
  30  2:51  Probe  
  30  2:54  Unknown  
  30  2:55  Zealot x2  
  39  3:01  Probe  
  39  3:03  Probe  
  41  3:05  Cybernetics Core  
  41  3:13  Gateway, Probe  
  41  3:15  Gateway  
  41  3:19  Pylon, Probe  
  43  3:20  Probe  
  43  3:22  Pylon, Zealot x2  
  43  3:24  Protoss Ground Weapons Level 1  
  43  3:25  Probe  
  49  3:32  Probe  
  50  3:37  Probe  
  50  3:39  Probe  
  52  3:44  Probe  
  53  3:49  Probe, Zealot  
  53  3:50  Zealot  
  53  3:53  Warp Gate  
  58  3:56  Probe  
  58  4:01  Probe  
  58  4:02  Twilight Council  
  60  4:07  Stargate  
  60  4:08  Probe, Stargate  
  61  4:14  Probe  
  61  4:15  Stalker x2  
  61  4:16  Zealot  
  66  4:17  Stalker  
  66  4:20  Probe  
  66  4:23  Photon Cannon  
  67  4:25  Photon Cannon  
  67  4:26  Probe  
  67  4:29  Gateway  
  68  4:32  Gateway, Probe  
  68  4:38  Probe  
  70  4:44  Stalker, Probe  
  70  4:45  Stalker  
  75  4:46  Zealot  
  75  4:48  Sentry  
  75  4:50  Probe x2  
  81  4:55  Oracle x2  
  81  4:56  Probe  
  88  5:00  Unknown  
  88  5:01  Unknown  
  88  5:02  Probe x2, Unknown  
  88  5:06  Charge  
  90  5:09  Probe  
  90  5:13  Zealot  
  95  5:14  Adept x2, Probe x2  
  95  5:15  Zealot  
  95  5:18  Protoss Ground Armor Level 1 (Chrono Boost)  
  95  5:21  Probe  
  102  5:23  Forge  
  102  5:26  Dark Shrine, Probe  
  103  5:33  Probe  
  104  5:38  Phoenix x2  
  108  5:54  Unknown x6  
  108  6:03  Oracle x2  
  114  7:03  Stalker x2  
  114  7:04  Stalker x4  
  126  7:11  Probe x2  
  126  7:12  Oracle x2  
  134  7:19  Resonating Glaives  
  134  7:28  Dark Templar x2  
  134  7:29  Dark Templar x3  
  144  7:35  Shadow Stride  
  144  7:37  Protoss Ground Weapons Level 2, Protoss Ground Armor Level 2  
  144  7:51  Assimilator  
  144  7:53  Assimilator  
  144  8:01  Pylon  
  144  8:02  Pylon  
  144  8:05  Pylon  
  144  8:08  Robotics Facility  
  144  8:10  Robotics Facility  
  141  9:32  Unknown  
  141  9:33  Unknown  
  141  9:34  Unknown  
  141  9:40  Dark Templar x5  
  141  9:41  Dark Templar  
  153  9:57  Gateway  
  153  9:58  Gateway  
  153  10:00  Gateway  
  153  10:02  Gateway  
  153  10:11  Nexus  
Show
View Real Time Build Order
Export as new Build Order

Defrost Zerg 

Build Orders: Hatch First 

Get SALT Encoding   

  8  0:00  Drone x2  
  8  0:03  Drone  
  11  0:11  Drone  
  12  0:29  Extractor  
  12  0:30  Drone  
  12  0:33  Hatchery  
  13  0:43  Drone  
  13  0:44  Drone  
  15  0:54  Drone  
  15  1:07  Spawning Pool  
  15  1:08  Drone  
  16  1:17  Drone  
  17  1:26  Drone  
  17  1:32  Drone x4  
  18  1:37  Extractor  
  18  1:39  Drone  
  22  1:50  Drone x2  
  22  2:03  Drone  
  22  2:04  Drone  
  24  2:12  Roach Warren  
  24  2:16  Baneling Nest, Drone  
  24  2:17  Lair  
  24  2:19  Drone  
  26  2:23  Evolution Chamber  
  26  2:26  Evolution Chamber  
  26  2:27  Drone  
  27  2:30  Drone  
  27  2:36  Drone x2  
  30  2:50  Evolution Chamber  
  29  2:51  Drone  
  29  2:53  Unknown x2  
  29  2:54  Unknown  
  29  3:00  Queen  
  29  3:02  Drone  
  31  3:17  Queen  
  32  3:20  Zerg Missile Weapons Level 1  
  32  3:21  Zerg Ground Armor Level 1  
  32  3:23  Glial Reconstitution  
  32  3:25  Centrifical Hooks  
  32  3:30  Metabolic Boost  
  32  3:33  Roach x2  
  32  3:34  Roach  
  38  3:35  Zergling x2  
  39  3:47  Roach, Zergling x2  
  42  3:54  Roach, Zergling x2  
  44  4:23  Hydralisk Den  
  44  4:27  Extractor  
  44  4:30  Drone x2, Extractor  
  46  4:32  Drone x4  
  47  4:53  Drone  
  47  4:54  Drone x3  
  51  5:08  Drone x2  
  51  5:11  Hydralisk x2  
  51  5:12  Roach  
  59  5:15  Muscular Augments  
  59  5:18  Roach, Hydralisk  
  63  5:28  Roach, Hydralisk  
  65  5:29  Roach, Zergling x2  
  70  5:36  Hydralisk  
  70  5:37  Roach  
  70  5:38  Baneling x4  
  70  5:39  Zergling x2  
  70  5:42  Zergling x4  
  77  5:43  Zergling x2  
  78  6:09  Hydralisk x3  
  78  6:10  Zergling x8  
  88  6:19  Zerg Missile Weapons Level 2  
  88  6:36  Hatchery  
  110  7:20  Spore Crawler  
  110  7:24  Spore Crawler  
  110  7:38  Drone x3  
  110  7:39  Drone x7  
  120  7:51  Hydralisk  
  120  7:52  Hydralisk  
  120  7:53  Hydralisk  
  120  7:58  Spore Crawler  
  120  8:00  Spore Crawler  
  120  8:11  Hydralisk  
  120  8:18  Hydralisk  
  120  8:19  Hydralisk  
  133  8:41  Hydralisk  
  133  8:44  Hydralisk  
  133  8:47  Hydralisk  
  127  8:48  Hydralisk  
  135  8:58  Hydralisk  
  135  9:01  Hydralisk  
  135  9:05  Hydralisk  
  135  9:08  Hydralisk  
  133  9:10  Hydralisk x2  
  133  9:12  Hydralisk  
  133  9:13  Hydralisk  
  133  9:15  Hydralisk x2  
  126  9:18  Hydralisk  
  126  9:19  Hydralisk  
  126  9:25  Hydralisk  
  125  9:41  Drone  
  125  9:42  Drone  
  127  9:45  Drone  
  127  9:46  Drone x2  
  130  10:03  Hatchery  
  115  10:15  Spore Crawler  
Tags
 
Add a new tag
Caveats
  • Supply blocks, unpowered buildings, or Contaminate may cause inaccurate times.
  • Supply counts are checked every 10 seconds.